Map: Orbital Shipyard

Players

LilDicky - Winner!

  • Race: Terran Terran
  • League: Diamond

PHB

  • Race: Zerg Zerg
  • League: Platinum

VOD

http://www.twitch.tv/tumescentpie

Description

Time

  • Played on: Dec. 27, 2015, 12:33 a.m.
  • Length: 29:19
Show
View Real Time Build Order
Export as new Build Order

LilDicky Terran - Winner!

Build Orders: Command Center First (CC), MMM Bio 

Get SALT Encoding   

  12  0:01  SCV  
  13  0:13  SCV  
  14  0:17  Supply Depot  
  14  0:25  SCV  
  15  0:39  SCV  
  16  0:53  SCV  
  17  1:06  SCV  
  17  1:08  Command Center  
  18  1:20  SCV, Barracks  
  19  1:32  SCV  
  20  1:44  SCV  
  21  1:47  Refinery  
  21  1:48  Refinery  
  21  1:56  SCV  
  22  2:11  Marine  
  22  2:12  Supply Depot  
  22  2:13  Orbital Command  
  23  2:22  Orbital Command  
  23  2:32  Barracks  
  23  2:33  Barracks  
  23  2:34  Marine  
  24  2:39  SCV  
  25  2:50  Factory  
  25  2:53  SCV  
  26  3:08  Supply Depot, Barracks Tech Lab  
  26  3:21  Barracks Reactor  
  26  3:22  Barracks Tech Lab  
  26  3:29  SCV  
  26  3:30  SCV  
  26  3:33  Stimpack  
  28  3:37  Factory Reactor  
  28  3:39  Marine  
  28  3:40  Starport, Marine  
  30  3:41  SCV  
  30  3:43  SCV, Refinery  
  32  3:53  SCV  
  34  3:55  SCV  
  34  3:58  Combat Shields  
  34  3:59  Marine x2  
  34  4:01  Marine x2  
  38  4:05  SCV  
  38  4:07  SCV  
  40  4:20  SCV  
  40  4:22  Barracks x2, Marine  
  40  4:23  Marine x3  
  45  4:26  Supply Depot  
  45  4:27  SCV  
  46  4:35  Medivac x2  
  50  4:39  SCV  
  50  4:42  Supply Depot  
  50  4:44  SCV  
  52  4:45  Marine x2  
  52  4:48  Marine  
  52  4:51  Marine  
  52  4:52  SCV  
  57  4:56  SCV  
  57  4:59  Supply Depot  
  58  5:03  Marine  
  59  5:07  Supply Depot, Marine x2  
  59  5:08  Marine  
  59  5:11  Widow Mine  
  64  5:16  Medivac  
  64  5:18  Medivac  
  64  5:19  Marine  
  60  5:59  Marine x5  
  60  6:00  Marauder  
  60  6:02  SCV  
  60  6:03  SCV  
  69  6:05  Command Center, Medivac x2  
  73  6:16  Marine  
  73  6:17  Marine  
  73  6:18  Marauder  
  77  6:21  Marine  
  77  6:24  Supply Depot x2  
  78  6:26  Marine x2  
  78  6:27  Engineering Bay  
  78  6:29  Engineering Bay, Concussive Shells  
  80  6:34  Marine  
  80  6:35  Marine  
  80  6:38  Marine  
  80  6:39  Marauder  
  85  6:43  Marine  
  85  6:45  Marauder  
  88  6:52  Marine  
  88  6:54  Marine  
  88  6:56  Marine  
  88  7:00  Marauder  
  92  7:04  Marine  
  92  7:06  Marine  
  94  7:11  Marine  
  94  7:12  Marine  
  94  7:13  SCV x2  
  94  7:14  Marine  
  97  7:21  Marine  
  97  7:22  Marine  
  90  7:25  SCV, Marauder  
  90  7:28  Marine  
  94  7:32  Marine  
  95  7:40  Marauder  
  97  7:45  Barracks Tech Lab  
  97  7:46  Barracks Tech Lab, Marine, Marauder  
  97  7:47  Terran Infantry Weapons Level 1  
  97  7:48  Terran Infantry Armor Level 1  
  97  7:50  Armory, Marine  
  97  7:51  Supply Depot  
  99  8:01  Marauder  
  99  8:03  Command Center  
  99  8:04  Marine  
  102  8:07  Marauder, Marine  
  105  8:14  Marine x2  
  107  8:22  Supply Depot, Marine x2  
  107  8:23  Supply Depot  
  107  8:25  Orbital Command  
  107  8:26  Marine  
  110  8:28  Marine  
  110  8:31  Marine x2  
  113  8:40  Marine x2  
  115  8:44  Marine  
  115  8:46  Marine  
  117  8:49  Marine x2  
  117  8:52  Barracks  
  117  8:54  SCV x2, Barracks  
  121  8:57  Marine, Medivac  
  124  9:04  Marauder  
  124  9:05  SCV, Marine x2  
  124  9:06  SCV  
  124  9:08  Sensor Tower, Marauder  
  132  9:15  Marine x2  
  132  9:26  Marine x2, Missile Turret, Marauder  
  132  9:29  Marauder  
  138  9:33  Marauder  
  138  9:34  SCV, Marauder, Medivac x2  
  138  9:35  SCV  
  148  9:44  Marine x2  
  150  9:47  Marauder  
  150  9:50  Marine  
  153  10:00  Marine x2  
  153  10:02  Marine  
  155  10:07  Command Center  
  155  10:11  Marauder  
  155  10:14  Marauder  
  155  10:18  Marauder  
  155  10:19  Marine x2  
  155  10:20  Marine  
  149  10:32  Marine  
  123  10:54  Marine  
  123  10:55  Marine x5  
  125  11:03  SCV  
  126  11:05  SCV x2  
  126  11:09  Orbital Command  
  126  11:12  Marine  
  126  11:13  Marine x5  
  126  11:15  SCV  
  131  11:30  Marine x2  
  131  11:31  Marauder x3, Marine  
  126  11:48  Marine x2  
  126  11:49  Marauder  
  126  11:52  Marine x2  
  126  11:53  Marauder  
  110  12:06  Marine x2  
  110  12:10  Marauder x2, Marine  
  110  12:13  Marine  
  107  12:23  Barracks Tech Lab x2, Marine  
  107  12:24  Marine  
  107  12:27  Marine  
  110  12:31  Barracks, Marine x2  
  110  12:32  Marauder  
  110  12:33  Barracks  
  110  12:34  Barracks  
  110  12:35  Barracks  
  110  12:36  Planetary Fortress  
  114  12:41  Command Center, Marine  
  114  12:42  Command Center, Marine  
  110  12:46  Marauder  
  110  12:49  Marauder  
  110  12:50  Marauder  
  116  12:53  Marine  
  108  13:07  Marauder  
  108  13:12  Marine  
  48  13:48  Factory, Refinery  
  48  13:49  Refinery  
  44  14:28  Planetary Fortress x2  
  44  14:30  Engineering Bay  
  40  15:18  Factory Tech Lab  
  40  15:20  Orbital Command  
  40  15:21  Supply Depot x2  
  40  15:24  Missile Turret  
  40  15:27  Orbital Command  
  40  16:31  Orbital Command  
  40  16:41  Siege Tank, Starport  
  40  16:44  Starport  
  43  16:48  SCV  
  41  17:31  Starport Tech Lab x2  
  41  17:33  Siege Tank  
  44  17:52  Banshee x2, Cloaking Field  
  44  17:55  Missile Turret  
  50  18:10  Siege Tank  
  52  18:13  Orbital Command  
  52  18:46  SCV  
  53  18:49  Marine x4  
  53  18:50  Marine  
  58  19:01  Banshee x2  
  64  19:06  Marine  
  64  19:07  Marine x3  
  68  19:17  SCV x3  
  69  19:31  Marine x3  
  69  19:32  Marine x2  
  74  19:44  Banshee x2  
  77  19:49  Marine  
  67  20:27  Banshee x2  
  73  20:49  Marine x2  
  74  20:50  Orbital Command, Marine x3  
  74  20:54  Orbital Command  
  78  21:07  Marine x3  
  78  21:08  Marine  
  78  22:14  Orbital Command  
  78  22:25  Raven  
  80  22:30  Orbital Command  
  79  23:51  Marine x2  
  79  23:52  Marine x2  
  83  24:09  Marine  
  84  24:20  Viking x2  
  88  24:31  Marine x3  
  88  24:32  Marine  
  88  24:37  Orbital Command  
  92  24:40  Command Center  
  92  24:41  SCV x3  
  92  24:45  SCV  
  97  24:49  Marine x2  
  98  24:53  Command Center, SCV x3  
  98  24:57  SCV  
  102  25:47  Command Center x2  
  102  25:53  Orbital Command  
  102  26:04  Orbital Command  
  102  26:07  Orbital Command  
  102  26:10  SCV x2  
  104  26:20  SCV x2  
  104  26:21  SCV x2  
  104  26:22  SCV  
  109  26:39  Marine x4  
  113  26:57  Marine x2  
  113  27:00  Refinery  
  115  27:03  Refinery  
  115  27:33  Orbital Command  
  115  27:35  Orbital Command  
  115  27:58  SCV x6  
  119  27:59  SCV  
  122  28:18  Command Center  
  122  28:26  Command Center  
  122  28:37  Command Center  
  122  28:58  SCV  
Show
View Real Time Build Order
Export as new Build Order

PHB Zerg 

Build Orders: Hatch First, Ravager All-In 

Get SALT Encoding   

  12  0:01  Drone  
  13  0:10  Drone  
  14  0:17  Overlord  
  14  0:25  Extractor  
  14  0:26  Drone, Extractor  
  13  0:30  Drone  
  16  0:37  Drone  
  17  0:43  Extractor  
  17  0:44  Drone  
  17  1:01  Hatchery  
  16  1:11  Drone x2  
  18  1:21  Spawning Pool  
  17  1:30  Drone x2  
  19  1:38  Overlord  
  19  1:52  Drone  
  20  2:02  Overlord  
  20  2:08  Metabolic Boost  
  20  2:10  Queen  
  20  2:11  Zergling x2  
  20  2:15  Drone  
  24  2:18  Queen  
  26  2:37  Drone x4  
  30  2:46  Queen  
  32  2:52  Extractor  
  31  3:07  Roach Warren  
  31  3:08  Drone  
  31  3:09  Drone x5  
  35  3:20  Overlord  
  35  3:33  Drone  
  35  3:34  Drone x6  
  42  3:51  Hatchery  
  41  4:02  Roach  
  43  4:03  Roach x4  
  51  4:15  Overlord  
  51  4:16  Overlord x2  
  51  4:29  Ravager  
  52  4:33  Overlord x3  
  52  4:34  Overlord  
  52  4:35  Roach x2  
  52  4:37  Ravager  
  52  4:38  Ravager x3  
  60  4:52  Lair, Drone  
  61  4:53  Drone x2  
  61  4:56  Drone x3  
  66  5:04  Roach  
  66  5:05  Roach x3  
  74  5:14  Drone x3  
  74  5:15  Drone, Extractor  
  74  5:17  Drone  
  78  5:22  Roach x2  
  71  6:00  Roach x10  
  85  6:21  Overlord  
  85  6:22  Overlord  
  85  6:23  Evolution Chamber x2  
  83  6:26  Drone  
  83  6:27  Drone x2, Extractor  
  83  6:28  Drone  
  86  6:37  Roach  
  86  6:38  Roach x4  
  96  6:50  Ravager  
  96  6:52  Ravager  
  98  7:00  Drone  
  101  7:01  Drone x9  
  108  7:13  Queen  
  107  7:33  Extractor x2  
  102  7:49  Overlord  
  102  7:50  Overlord x3  
  102  8:06  Overlord x2  
  102  8:11  Zerg Missile Weapons Level 1  
  102  8:12  Zerg Ground Armor Level 1  
  102  8:20  Hydralisk Den  
  102  8:23  Overseer, Infestation Pit  
  100  8:27  Overseer  
  100  8:39  Glial Reconstitution  
  100  8:44  Drone x6  
  100  8:45  Drone x6  
  100  8:46  Drone  
  113  8:50  Ravager x7  
  113  8:51  Ravager  
  121  8:58  Hatchery  
  120  9:25  Hydralisk x5  
  120  9:27  Overlord x3  
  130  9:36  Lurker Den  
  130  9:51  Spore Crawler x2  
  128  9:52  Spore Crawler  
  128  9:53  Spine Crawler x2  
  128  9:54  Spine Crawler  
  115  10:27  Roach  
  115  10:28  Roach x13  
  112  10:48  Roach  
  108  10:55  Hydralisk x8  
  108  10:56  Hydralisk x9  
  136  11:01  Overlord, Extractor  
  136  11:02  Overlord  
  116  11:40  Roach  
  116  11:41  Roach x6  
  110  11:56  Zergling x14  
  111  12:02  Roach  
  111  12:15  Roach  
  109  12:16  Roach x2  
  109  12:17  Hatchery  
  80  13:17  Hatchery  
  71  13:26  Burrow  
  56  15:01  Drone  
  56  15:02  Drone x2  
  59  15:21  Drone  
  60  15:44  Spawning Pool  
  59  16:16  Drone x3  
  58  16:24  Extractor  
  56  16:30  Extractor  
  56  16:32  Hatchery  
  54  16:48  Drone  
  52  17:14  Drone  
  52  17:16  Hatchery  
  52  18:19  Roach  
  52  18:28  Drone  
  52  18:33  Spawning Pool  
  52  18:42  Roach  
  52  18:46  Drone  
  53  18:51  Drone  
  54  19:09  Drone  
  55  19:21  Drone, Queen  
  58  19:39  Drone x2  
  55  20:05  Spore Crawler  
  39  20:28  Spore Crawler  
  32  20:54  Roach  
  32  21:29  Hatchery  
  31  21:38  Roach  
  31  21:43  Hatchery  
Tags
 
Add a new tag
Caveats
  • Supply blocks, unpowered buildings, or Contaminate may cause inaccurate times.
  • Supply counts are checked every 10 seconds.